 Dungeon Crawl Stone Soup version 0.28-a0-578-g717728bcc0 (webtiles) character file.

Game seed: 7559183125837756018

109 MacCMillion the Chiller (level 4, 30/30 HPs)
             Began as a Merfolk Ice Elementalist on Oct 2, 2021.
             Was an Initiate of Vehumet.
             Quit the game on level 3 of the Dungeon.
             The game lasted 00:09:45 (3110 turns).

MacCMillion the Chiller (Merfolk Ice Elementalist)  Turns: 3110, Time: 00:09:46

Health: 30/30      AC:  4    Str:  9    XL:     4   Next: 90%
Magic:  7/7        EV: 12    Int: 14    God:    Vehumet [......]
Gold:   99         SH:  0    Dex: 14    Spells: 0/7 levels left

rFire   . . .      SeeInvis .   s - +0 whip (drain)
rCold   . . .      Faith    .   (no shield)
rNeg    . . .      Spirit   .   i - +0 leather armour
rPois   .          Reflect  .   (no helmet)
rElec   .          Harm     .   f - +0 cloak
rCorr   .          Rampage  .   (no gloves)
Will    .....                   (no boots)
Stlth   ++........              (no amulet)
HPRegen 0.10/turn               (no ring)
MPRegen 0.10/turn               (no ring)

@: no status effects
A: (nimble swimmer 2), mertail
a: Renounce Religion


You were on level 3 of the Dungeon.
You worshipped Vehumet.
Vehumet was noncommittal.
You visited 1 branch of the dungeon, and saw 3 of its levels.

You collected 99 gold pieces.

Inventory:

Hand Weapons
 d - a +0 short sword
 g - a +0 dagger
 s - a +0 whip of draining (weapon)
Armour
 a - a +0 robe
 f - a +0 cloak (worn)
 i - a +0 leather armour (worn)
Magical Staves
 q - a staff of poison
Scrolls
 b - a scroll of acquirement {unknown}
 e - a scroll of amnesia {unknown}
 j - 2 scrolls of identify {unknown}
 k - a scroll of enchant armour {unknown}
 l - a scroll of noise {unknown}
 n - a scroll of fog {unknown}
 o - a scroll of fear {unknown}
Potions
 c - 2 potions of curing {unknown}
 h - 2 potions of invisibility {unknown}
 m - a potion of degeneration {unknown}
 p - a potion of cancellation {unknown}
 r - a potion of lignification {unknown}
 t - a potion of heal wounds {unknown}


   Skills:
 - Level 2.6 Dodging
 - Level 2.1 Stealth
 - Level 2.0 Spellcasting
 * Level 6.7 Ice Magic


You couldn't memorise any spells.
You knew the following spells:

 Your Spells              Type           Power      Damage    Failure   Level
a - Freeze                Ice            80%        1d9       2%          1
b - Frozen Ramparts       Ice            40%        1d6       6%          3
c - Ozocubu's Armour      Ice            20%        N/A       6%          3

Your spell library contained the following spells:

 Spells                   Type           Power      Damage    Failure   Level
 Blink                    Tloc           N/A        N/A       45%         2
 Hailstorm                Conj/Ice       10%        3d5       63%         4
 Manifold Assault         Tloc           1%         N/A       100%        5
 Storm Form               Tmut/Air       0%         N/A       100%        7


Dungeon Overview and Level Annotations

Branches:
Dungeon (3/15)

Altars:
Ashenzari
Trog
Vehumet


Innate Abilities, Weirdness & Mutations

((You are quick and stealthy near water. (Stealth+, EV+, Speed+++)))
Your lower body shifts to a powerful aquatic tail in water.


Message History

The adder misses you. The adder bites you.
You freeze the adder.
The adder is severely wounded.
The adder bites you but does no damage.
You freeze the adder.
The adder is almost dead.
The adder bites you.
You freeze the adder.
You kill the adder!
Vehumet accepts your kill.
Found 15 stones.
A bat comes into view.
A bat is nearby!
A kobold comes into view. It is wielding a +0 dagger.
The helpless bat fails to defend itself.
You hit the bat.
You kill the bat!
Vehumet accepts your kill.
The helpless kobold fails to defend itself.
You hit the kobold but do no damage. The kobold barely misses you.
You barely miss the kobold. The kobold barely misses you.
You closely miss the kobold. The kobold hits you but does no damage.
You completely miss the kobold. The kobold hits you with a +0 dagger.
You barely miss the kobold. The kobold hits you but does no damage.
You completely miss the kobold. The kobold hits you with a +0 dagger.
You hit the kobold. You drain the kobold.
You kill the kobold!
Vehumet accepts your kill.
No target in view!
Things that are here:
a +0 dagger; 3 stones; a kobold corpse
Found a stone staircase leading down.
Found an escape hatch in the ceiling.
There is a stone staircase leading down here.
There is a stone staircase leading down here.
There is an escape hatch in the ceiling here.
Found an escape hatch in the floor.
There is an escape hatch in the floor here.
Found 16 bolts.
Are you sure you want to abandon this character and quit the game? (Confirm with "yes".)

### #.###### ####
#.....>. ..(
#.###### ###.######
#.# #
#...@....#####.# #
########.#.....# #
...###.#.##########
....................
.##.###.....###.#.#.
#####.#.... #.
....#.###.
......†...
#.....#.#.


There were no monsters in sight!

Vanquished Creatures
  5 adders
  2 dart slugs (D:2)
  An orc (D:3)
  2 endoplasms (D:1)
  4 giant cockroaches
  7 goblins
  8 hobgoblins
  4 jackals (D:2)
  3 quokkas
  3 ball pythons
  5 bats
  4 frilled lizards
  5 kobolds
  5 rats
58 creatures vanquished.

Notes
Turn   | Place    | Note
-------+----------+-------------------------------------------
     0 | D:1      | MacCMillion the Merfolk Ice Elementalist began the quest
                  | for the Orb.
     0 | D:1      | Reached XP level 1. HP: 13/13 MP: 3/3
   564 | D:1      | Reached XP level 2. HP: 19/19 MP: 1/5
   642 | D:1      | Reached skill level 5 in Ice Magic
  1189 | D:1      | Reached XP level 3. HP: 24/24 MP: 4/6
  1193 | D:1      | Learned a level 3 spell: Frozen Ramparts
  1599 | D:2      | Found a bloodstained altar of Trog.
  1665 | D:2      | Found a faded altar of an unknown god.
  1868 | D:2      | Reached skill level 6 in Ice Magic
  1869 | D:2      | Reached XP level 4. HP: 27/30 MP: 0/7
  1873 | D:2      | Learned a level 3 spell: Ozocubu's Armour
  2626 | D:3      | Found a broken altar of Ashenzari.
  2628 | D:3      | Found a radiant altar of Vehumet.
  2650 | D:3      | Became a worshipper of Vehumet
  3110 | D:3      | Quit the game

Illustrated notes

Levels and vault maps discovered:
D:1:      psy_arrival_spokes, layout_basic, minmay_statues_item,
          chequers_serial_rivers_large_a
D:2:      layout_rooms, basic_altar, chequers_ecumenical_altar_grove
D:3:      layout_basic, grunt_temple_overflow_open

Skill      XL: |  1  2  3 |
---------------+----------+-----
Ice Magic      | 5 6 |  6.7
Dodging        | |  2.6
Stealth        | |  2.1
Spellcasting   | |  2.0

Action                   |  1- 3 |  4- 6 || total
-------------------------+-------+-------++-------
Melee: Dagger            |     9 |    17 ||    26
       Whip              |       |    12 ||    12
 Cast: Freeze            |    41 |    23 ||    64
       Frozen Ramparts   |     1 |     2 ||     3
 Stab: Sleeping          |     5 |     6 ||    11
Armor: Robe              |     6 |     8 ||    14
       Leather armour    |       |     9 ||     9
Dodge: Dodged            |    12 |    29 ||    41

Table legend: (Time is in decaauts)
 A = Elapsed time spent in this place.
 B = Non-inter-level travel time spent in this place.
 C = Inter-level travel time spent in this place.
 D = Time resting spent in this place.
 E = Time spent auto-exploring this place.
 F = Levels seen in this place.
 G = Mean time per level.
                   A        B        C        D        E       F      G
               +--------+--------+--------+--------+--------+-----+--------+
         Total |   3092 |   3036 |     56 |    225 |   2243 |   3 | 1030.7 |
       Dungeon |   3092 |   3036 |     56 |    225 |   2243 |   3 | 1030.7 |
               +--------+--------+--------+--------+--------+-----+--------+

Top non-repeatable levels by time:
     D:1: 1564 daAuts
     D:2: 1039 daAuts
     D:3: 488 daAuts
